PCL
MEXICO CITY CERVECEROS @ GRESHAM GOLD SOULS
05/26/2026
 
TOP OF THE 1ST
Mexico City Cerveceros batting - Pitching for Gresham Gold Souls : LHP Rob Greene
Pitching: LHP Rob Greene
Batting: RHB Reynold Akker 0-0: Called Strike
0-1: SINGLE (Groundball, 34D)
Batting: LHB Rubén Díaz 0-0: SINGLE (Groundball, 4M)
Reynold Akker to second
Runner from 2nd tries for 3rd, SAFE, no throw or cutoff
Batting: RHB Dennis Stephenson 0-0: Ball
1-0: Ball
2-0: Ball
3-0: SINGLE (Groundball, 5S)
Reynold Akker scores
Rubén Díaz to second
Batting: LHB Sammy Marshall 0-0: Fly out, F4 (Popup, 4M)
Batting: RHB Hamilton Holbrook 0-0: Called Strike
0-1: Foul Ball, location: 2F
0-2: Ball
1-2: SINGLE (Line Drive, 34)
Rubén Díaz to third
Dennis Stephenson to second
Runner from 3rd tries for Home, SAFE, throw made home
Dennis Stephenson to third
Hamilton Holbrook to second
Batting: RHB Jesús Torres 0-0: Ball
1-0: Ball
2-0: Ball
3-0: Called Strike
3-1: Foul Ball, location: 2F
3-2: Base on Balls
Batting: RHB Pablo Trujillo 0-0: Ball
1-0: Foul Ball, location: 2F
1-1: Foul Ball, location: 2F
1-2: Strikes out swinging
Batting: RHB Rafael González 0-0: Ball
1-0: Foul Ball, location: 2F
1-1: Foul Ball, location: 2F
1-2: Foul Ball, location: 2F
1-2: Ball
2-2: Ball
3-2: Foul Ball, location: 2F
3-2: Foul Ball, location: 2F
3-2: Ground out 5-3 (Groundball, 5)
Top of the 1st over - 2 run(s), 4 hit(s), 0 error(s), 3 left on base; Mexico City 2 - Gresham 0
BOTTOM OF THE 1ST
Gresham Gold Souls batting - Pitching for Mexico City Cerveceros : RHP Thomas Hughes
Pitching: RHP Thomas Hughes
Batting: LHB Bill Smith 0-0: Ground out U3 (Groundball, 3L)
Batting: RHB Peter Hensley 0-0: Ball
1-0: Ball
2-0: Called Strike
2-1: Called Strike
2-2: Strikes out looking
Batting: RHB Lorenzo Morín 0-0: Ball
1-0: Fly out, F6 (Popup, 6MD)
Bottom of the 1st over - 0 run(s), 0 hit(s), 0 error(s), 0 left on base; Mexico City 2 - Gresham 0
TOP OF THE 2ND
Mexico City Cerveceros batting - Pitching for Gresham Gold Souls : LHP Rob Greene
Batting: LHB Domingo Cardona 0-0: Ball
1-0: Ball
2-0: Swinging Strike
2-1: Foul Ball, location: 2F
2-2: Strikes out swinging
Batting: RHB Reynold Akker 0-0: Ground out 5-3 (Groundball, 56S)
Batting: LHB Rubén Díaz 0-0: Ball
1-0: Ball
2-0: Called Strike
2-1: Foul Ball, location: 2F
2-2: Strikes out looking
Top of the 2nd over - 0 run(s), 0 hit(s), 0 error(s), 0 left on base; Mexico City 2 - Gresham 0
BOTTOM OF THE 2ND
Gresham Gold Souls batting - Pitching for Mexico City Cerveceros : RHP Thomas Hughes
Batting: SHB Alexandre Chabot 0-0: Ball
1-0: Called Strike
1-1: Called Strike
1-2: Ball
2-2: Ball
3-2: Base on Balls
Batting: RHB Claudio Guerra 0-0: Ball
1-0: Ball
2-0: Called Strike
2-1: Foul Ball, location: 2F
2-2: Strikes out swinging
Batting: LHB Jeff Doss 0-0: Ball
1-0: Called Strike
1-1: Swinging Strike
1-2: Strikes out swinging
Batting: RHB Matt Davidson 0-0: Ball
Wild Pitch!
Alexandre Chabot to second
1-0: Foul Ball, location: 2F
1-1: Called Strike
1-2: Ball
2-2: Ball
3-2: Strikes out swinging
Bottom of the 2nd over - 0 run(s), 0 hit(s), 0 error(s), 1 left on base; Mexico City 2 - Gresham 0
TOP OF THE 3RD
Mexico City Cerveceros batting - Pitching for Gresham Gold Souls : LHP Rob Greene
Batting: RHB Dennis Stephenson 0-0: Ball
1-0: Ball
2-0: Ball
3-0: Called Strike
3-1: Base on Balls
Batting: LHB Sammy Marshall 0-0: SINGLE (Groundball, 4MD)
Dennis Stephenson to second
Batting: RHB Hamilton Holbrook 0-0: Fly out, F7 (Flyball, 78D)
Batting: RHB Jesús Torres 0-0: Called Strike
0-1: Foul Ball, location: 2F
0-2: Ball
1-2: Ball
2-2: Foul Ball, location: 2F
2-2: Foul Ball, location: 2F
2-2: Foul Ball, location: 2F
2-2: Grounds into double play, 4-6-3 (Groundball, 4)
Top of the 3rd over - 0 run(s), 1 hit(s), 0 error(s), 1 left on base; Mexico City 2 - Gresham 0
BOTTOM OF THE 3RD
Gresham Gold Souls batting - Pitching for Mexico City Cerveceros : RHP Thomas Hughes
Batting: RHB Jesús Gutiérrez 0-0: Ball
1-0: Ball
2-0: Ball
3-0: Called Strike
3-1: Swinging Strike
3-2: Strikes out looking
Batting: RHB Pepe Medrano 0-0: Foul Ball, location: 2F
0-1: Called Strike
0-2: Strikes out looking
Batting: LHB Bill Smith 0-0: Ball
1-0: Fly out, F8 (Flyball, 8RS)
Bottom of the 3rd over - 0 run(s), 0 hit(s), 0 error(s), 0 left on base; Mexico City 2 - Gresham 0
TOP OF THE 4TH
Mexico City Cerveceros batting - Pitching for Gresham Gold Souls : LHP Rob Greene
Batting: RHB Pablo Trujillo 0-0: Ground out 6-3 (Groundball, 6)
Batting: RHB Rafael González 0-0: Ball
1-0: Called Strike
1-1: Ball
2-1: Foul Ball, location: 2F
2-2: Fly out, F8 (Flyball, 8LM)
Batting: LHB Domingo Cardona 0-0: Foul Ball, location: 2F
0-1: Foul Ball, location: 2F
0-2: Strikes out looking
Top of the 4th over - 0 run(s), 0 hit(s), 0 error(s), 0 left on base; Mexico City 2 - Gresham 0
BOTTOM OF THE 4TH
Gresham Gold Souls batting - Pitching for Mexico City Cerveceros : RHP Thomas Hughes
Batting: RHB Peter Hensley 0-0: Foul Ball, location: 2F
0-1: Ground out U3 (Groundball, 3)
Batting: RHB Lorenzo Morín 0-0: Called Strike
0-1: Swinging Strike
0-2: Ball
1-2: Ball
2-2: Ground out 6-3 (Groundball, 6)
Batting: SHB Alexandre Chabot 0-0: Foul Ball, location: 2F
0-1: Foul Ball, location: 2F
0-2: Ball
1-2: Ball
2-2: Ball
3-2: Base on Balls
Batting: RHB Claudio Guerra 0-0: Swinging Strike
0-1: Ball
1-1: Foul Ball, location: 2F
1-2: Foul Ball, location: 2F
1-2: Ball
2-2: Foul Ball, location: 2F
2-2: Foul Ball, location: 2F
2-2: Fly out, F8 (Flyball, 8RS)
Bottom of the 4th over - 0 run(s), 0 hit(s), 0 error(s), 1 left on base; Mexico City 2 - Gresham 0
TOP OF THE 5TH
Mexico City Cerveceros batting - Pitching for Gresham Gold Souls : LHP Rob Greene
Batting: RHB Reynold Akker 0-0: Called Strike
0-1: Foul Ball, location: 2F
0-2: DOUBLE (Line Drive, 8RS)
Batting: LHB Rubén Díaz 0-0: Ball
1-0: Ball
2-0: Ball
3-0: Called Strike
3-1: Foul Ball, location: 2F
3-2: Strikes out looking
Batting: RHB Dennis Stephenson 0-0: Intentional Walk
Batting: LHB Sammy Marshall 0-0: Foul Ball, location: 2F
0-1: Called Strike
0-2: Ball
1-2: Ball
2-2: Foul Ball, location: 2F
2-2: Strikes out swinging
Batting: RHB Hamilton Holbrook 0-0: Fielders Choice at 2nd, 5-4 (Groundball, 5)
Top of the 5th over - 0 run(s), 1 hit(s), 0 error(s), 1 left on base; Mexico City 2 - Gresham 0
BOTTOM OF THE 5TH
Gresham Gold Souls batting - Pitching for Mexico City Cerveceros : RHP Thomas Hughes
Batting: LHB Jeff Doss 0-0: SINGLE (Groundball, 4M)
Batting: RHB Matt Davidson 0-0: Called Strike
0-1: Foul Ball, location: 2F
0-2: Ball
1-2: Foul Ball, location: 2F
1-2: Strikes out swinging
Batting: RHB Jesús Gutiérrez 0-0: SINGLE (Line Drive, 34)
Jeff Doss to second
Batting: RHB Pepe Medrano 0-0: Ball
1-0: Ball
2-0: Called Strike
2-1: Called Strike
2-2: Strikes out swinging
Batting: LHB Bill Smith 0-0: Ground out 4-3 (Groundball, 4)
Bottom of the 5th over - 0 run(s), 2 hit(s), 0 error(s), 2 left on base; Mexico City 2 - Gresham 0
TOP OF THE 6TH
Mexico City Cerveceros batting - Pitching for Gresham Gold Souls : LHP Rob Greene
Batting: RHB Jesús Torres 0-0: Called Strike
0-1: Foul Ball, location: 2F
0-2: Fly out, F7 (Flyball, 7LSF)
Batting: RHB Pablo Trujillo 0-0: Called Strike
0-1: Foul Ball, location: 2F
0-2: Foul Ball, location: 2F
0-2: Strikes out swinging
Batting: RHB Rafael González 0-0: Called Strike
0-1: Foul Ball, location: 2F
0-2: SINGLE (Flyball, 89S)
Batting: LHB Domingo Cardona 0-0: Ball
1-0: Fielders Choice at 2nd, U4 (Groundball, 4M)
Top of the 6th over - 0 run(s), 1 hit(s), 0 error(s), 1 left on base; Mexico City 2 - Gresham 0
BOTTOM OF THE 6TH
Gresham Gold Souls batting - Pitching for Mexico City Cerveceros : RHP Thomas Hughes
Batting: RHB Peter Hensley 0-0: Called Strike
0-1: Swinging Strike
0-2: Strikes out looking
Batting: RHB Lorenzo Morín 0-0: Ball
1-0: Ball
2-0: Called Strike
2-1: Foul Ball, location: 2F
2-2: Strikes out swinging
Batting: SHB Alexandre Chabot 0-0: Ball
1-0: Foul Ball, location: 2F
1-1: Ball
2-1: Swinging Strike
2-2: Ground out U3 (Groundball, 3)
Bottom of the 6th over - 0 run(s), 0 hit(s), 0 error(s), 0 left on base; Mexico City 2 - Gresham 0
TOP OF THE 7TH
Mexico City Cerveceros batting - Pitching for Gresham Gold Souls : LHP Rob Greene
Pitching: RHP Jamal Clayton
Batting: RHB Reynold Akker 0-0: DOUBLE (Flyball, 89XD) - OUT at third base trying to stretch hit.
Batting: LHB Rubén Díaz 0-0: Ball
1-0: Ground out 4-3 (Groundball, 4M)
Batting: RHB Dennis Stephenson 0-0: Ground out 5-3 (Groundball, 5L)
Top of the 7th over - 0 run(s), 1 hit(s), 0 error(s), 0 left on base; Mexico City 2 - Gresham 0
BOTTOM OF THE 7TH
Gresham Gold Souls batting - Pitching for Mexico City Cerveceros : RHP Thomas Hughes
Batting: RHB Claudio Guerra 0-0: Foul Ball, location: 2F
0-1: Ball
1-1: Foul Ball, location: 2F
1-2: Strikes out swinging
Batting: LHB Jeff Doss 0-0: Called Strike
0-1: Ball
1-1: Ball
2-1: Fly out, F7 (Flyball, 78M)
Batting: RHB Matt Davidson 0-0: Swinging Strike
0-1: Ball
1-1: Ball
2-1: Swinging Strike
2-2: Fly out, F8 (Flyball, 8LD)
Bottom of the 7th over - 0 run(s), 0 hit(s), 0 error(s), 0 left on base; Mexico City 2 - Gresham 0
TOP OF THE 8TH
Mexico City Cerveceros batting - Pitching for Gresham Gold Souls : RHP Jamal Clayton
Batting: LHB Sammy Marshall 0-0: Ball
1-0: Ball
2-0: Ball
3-0: Called Strike
3-1: Foul Ball, location: 2F
3-2: SOLO HOME RUN (Flyball, 89XD), Distance : 421 ft
Batting: RHB Hamilton Holbrook 0-0: Called Strike
0-1: Swinging Strike
0-2: Ball
1-2: Foul Ball, location: 2F
1-2: Ball
2-2: Ball
3-2: Base on Balls
Batting: RHB Jesús Torres 0-0: Sac Bunt - play at first, batter OUT! 1-4
Hamilton Holbrook to second
Batting: RHB Pablo Trujillo 0-0: Ball
1-0: Swinging Strike
1-1: Swinging Strike
1-2: Strikes out swinging
Batting: RHB Rafael González 0-0: Called Strike
0-1: Ground out 5-3 (Groundball, 5)
Top of the 8th over - 1 run(s), 1 hit(s), 0 error(s), 1 left on base; Mexico City 3 - Gresham 0
BOTTOM OF THE 8TH
Gresham Gold Souls batting - Pitching for Mexico City Cerveceros : RHP Thomas Hughes
Pitching: RHP Jonathan Long
Batting: RHB Jesús Gutiérrez 0-0: Foul Ball, location: 2F
0-1: Ground out 5-3 (Groundball, 5S)
Batting: RHB Pepe Medrano 0-0: Fly out, F7 (Flyball, 78D)
Batting: LHB Bill Smith 0-0: Ball
1-0: Ball
2-0: Ball
3-0: Base on Balls
Pitching: RHP Miguel Archuleta
Batting: RHB Peter Hensley 0-0: Ball
1-0: Called Strike
1-1: Ball
2-1: Fielders Choice at 2nd, 6-4 (Groundball, 6)
Bottom of the 8th over - 0 run(s), 0 hit(s), 0 error(s), 0 left on base; Mexico City 3 - Gresham 0
TOP OF THE 9TH
Mexico City Cerveceros batting - Pitching for Gresham Gold Souls : RHP Jamal Clayton
Batting: LHB Domingo Cardona 0-0: Called Strike
0-1: Foul Ball, location: 2F
0-2: Strikes out swinging
Batting: RHB Reynold Akker 0-0: Called Strike
0-1: Ground out 4-3 (Groundball, 13)
Batting: LHB Rubén Díaz 0-0: Foul Ball, location: 2F
0-1: Ball
1-1: Ground out 1-3 (Groundball, 15)
Top of the 9th over - 0 run(s), 0 hit(s), 0 error(s), 0 left on base; Mexico City 3 - Gresham 0
BOTTOM OF THE 9TH
Gresham Gold Souls batting - Pitching for Mexico City Cerveceros : RHP Miguel Archuleta
Pitching: RHP Gil Dickson
Now at C: Jorge González
Batting: RHB Lorenzo Morín 0-0: Swinging Strike
0-1: Swinging Strike
0-2: DOUBLE (Flyball, 89XD)
Batting: SHB Alexandre Chabot 0-0: SINGLE (Line Drive, 9LS)
Lorenzo Morín to third
Batting: RHB Claudio Guerra 0-0: Called Strike
0-1: Swinging Strike
0-2: Ball
1-2: Ball
2-2: SINGLE (Groundball, 56D)
Lorenzo Morín scores
Alexandre Chabot to second
Batting: LHB Jeff Doss 0-0: Fly out, F7 (Flyball, 7M)
Batting: RHB Matt Davidson 0-0: Called Strike
0-1: Ball
1-1: Fly out, F8 (Flyball, 8LM)
Batting: RHB Jesús Gutiérrez 0-0: Ball
1-0: Fielders Choice at 2nd, U6 (Groundball, 6M)
Bottom of the 9th over - 1 run(s), 3 hit(s), 0 error(s), 2 left on base; Mexico City 3 - Gresham 1
Monday, December 5th, 2016 - OOTP Baseball 17.12 Build 75